 Dungeon Crawl Stone Soup version 0.18.1-47-g9310371 (webtiles) character file.

10565 Sand the Destroyer (level 11, 66/74 HPs)
             Began as a Grey Draconian Wizard on May 3, 2016.
             Was a Follower of Ashenzari.
             Quit the game on level 11 of the Dungeon on June 17, 2016.
             The game lasted 01:27:18 (13658 turns).

Sand the Destroyer (Grey Draconian Wizard)         Turns: 13658, Time: 01:27:19

Health: 66/74      AC: 17    Str:  9    XL:     11   Next: 37%
Magic:  14/26      EV: 12    Int: 21    God:    Ashenzari [*.....]
Gold:   607        SH:  0    Dex: 11    Spells: 5 memorised, 21 levels left

rFire  . . .     SeeInvis .     b - +1 dagger (venom)
rCold  . . .     Gourm    .     (armour unavailable)
rNeg   . . .     Faith    .     (no shield)
rPois  .         Spirit   .     p - +1 hat
rElec  .         Dismiss  .     V - +0 cloak
rCorr  .         Reflect  .     L - +2 pair of gloves
SustAt .         Harm     .     (no boots)
MR     .....                    (no amulet)
Stlth  ++........               (no ring)
                                (no ring)

@: not resistant to hostile enchantments, unstealthy
A: walk through water, unfitting armour, unbreathing, cold-blooded, AC +12
a: Curse Item, Scrying, Renounce Religion


You were on level 11 of the Dungeon.
You worshipped Ashenzari.
Ashenzari was aware of your devotion.
You were not hungry.

You visited 2 branches of the dungeon, and saw 12 of its levels.

You collected 607 gold pieces.

Inventory:

Hand Weapons
 a - a +4 short sword
 b - a +1 dagger of venom (weapon)
 G - a +0 dagger of holy wrath
 J - a +0 blowgun
Missiles
 e - 64 poisoned needles
 z - 4 tomahawks (quivered)
 D - a throwing net
Armour
 p - a +1 hat (worn)
 L - a +2 pair of gloves (worn)
 V - a +0 cloak (worn)
Jewellery
 i - an uncursed ring of fire
Wands
 o - a wand of disintegration (14/24)
 B - a wand of random effects (25/48)
 H - a wand of polymorph (8/24)
 K - a wand of polymorph (8/24)
 M - a wand of lightning (9/15)
 O - a wand of flame (32/48)
 Q - a wand of acid (4/15)
 T - a wand of flame (6/48)
Scrolls
 f - a scroll of enchant armour
 h - 3 scrolls of immolation
 k - 2 scrolls of fog
 l - 7 scrolls of remove curse
 t - a scroll of blinking
 x - a scroll of enchant weapon
 y - 2 scrolls of amnesia
 N - a scroll of magic mapping
 R - a scroll of identify
Potions
 d - 3 potions of lignification
 g - 5 potions of degeneration {unknown}
 j - a potion of invisibility
 m - 2 potions of might
 q - 2 potions of agility
 r - 2 potions of haste {unknown}
 s - a potion of curing
 u - 2 potions of cure mutation {unknown}
 v - a potion of mutation {unknown}
 E - a potion of cancellation {unknown}
 F - a potion of heal wounds {unknown}
 P - a potion of ambrosia {unknown}
 S - 2 potions of magic {unknown}
 U - a potion of berserk rage {unknown}
Books
 w - a book of Minor Magic

   Spells                             Type                      Level
   a - Magic Dart                     Conjuration                  1
   b - Blink                          Translocation                2
   c - Call Imp                       Summoning                    2
   d - Repel Missiles                 Charms/Air                   2
   e - Slow                           Hexes                        2
   f - Conjure Flame                  Conjuration/Fire             3
   g - Mephitic Cloud                 Conjuration/Poison/Air       3
Comestibles
 c - 11 bread rations
 n - 3 meat rations
 A - a royal jelly
 I - 25 fruits
 W - a slice of pizza


   Skills:
 + Level 0.2 Fighting
 - Level 2.2 Short Blades
 + Level 1.9 Dodging
 - Level 1.7 Stealth
 - Level 11.4 Spellcasting
 - Level 11.9 Conjurations
 - Level 1.0 Summonings
 - Level 1.0 Translocations
 - Level 2.7 Air Magic
 - Level 3.3 Poison Magic


You had 21 spell levels left.
You knew the following spells:

 Your Spells              Type           Power        Failure   Level  Hunger
a - Magic Dart            Conj           ####         1%          1    None
b - Blink                 Tloc           N/A          8%          2    None
c - Call Imp              Summ           ###.....     8%          2    None
d - Mephitic Cloud        Conj/Pois/Air  #####...     1%          3    None
e - Conjure Flame         Conj/Fire      #####...     1%          3    None


Dungeon Overview and Level Annotations

Branches:
Dungeon (11/15)            Temple (1/1) D:6            Lair (0/8) D:11
    Orc: D:9-12

Altars:
Ashenzari
Cheibriados
Dithmenos
Elyvilon
Fedhas
Gozag
Kikubaaqudgha
Makhleb
Nemelex Xobeh
Okawaru
Pakellas
Qazlal
Ru
Sif Muna
Trog
Vehumet
Xom
Yredelemnul
Zin
The Shining One

Shops:
D:10 =

Annotations:
D:11 Erolcha


Innate Abilities, Weirdness & Mutations

You can walk through water.
Your dull iron-grey scales are very hard (AC +12).
Your body does not fit into most forms of armour.
You can survive without breathing.
You are cold-blooded and may be slowed by cold attacks.


Message History

The portcullis has been lowered almost to the ground.
The hound skeleton bites you but does no damage.
The centaur skeleton hits you but does no damage.
The orc wizard hits the hound skeleton with a dagger.
The hound skeleton barely misses you.
The yak bellows!
You hit the hound skeleton.
The centaur skeleton closely misses you.
The hound skeleton bites you but does no damage.
The centaur skeleton hits you but does no damage.
The orc wizard closely misses the yak.
The yak bellows!
You hit the hound skeleton.
The hound skeleton completely misses you.
The centaur skeleton hits you but does no damage.
Drink which item? (? for menu, Esc to quit)
Okay, then.
Quiver which item? (- for none, * to show all) (? for menu, Esc to quit)
Okay, then.
Are you sure you want to abandon this character and quit the game? (Confirm with "yes".)

.. .....
.. .... ..
#..# ..
#..# ..
#).# ..
#..# ..
#..# ..
#.)# ..
#[@# ..
#####ZZ#
..
#...Yto#
..
###.###.Y#
..
.....§YYo#
..
.....Y.()#
..
......Y.(#
.
....Yl.(.#
.
.>...O..)#


You could see 7 yaks, a crocodile, an iguana (wandering), 2 orc wizards, a hound
skeleton and a centaur skeleton.

Vanquished Creatures
  Snorg (D:10)
  A death yak (D:10)
  Pikel (D:7)
  2 hill giants (D:10)
  Maurice (D:10)
  A troll (D:9)
  Grinder (D:6)
  A two-headed ogre (D:9)
  A wraith (D:10)
  10 yaks
  A hippogriff (D:3)
  A wyvern (D:8)
  Grum (D:10)
  2 water moccasins
  3 slaves (D:7)
  2 orc warriors
  4 ice beasts
  3 sky beasts
  A necrophage (D:7)
  4 ogres
  2 phantoms
  2 black bears
  A wolf (D:10)
  8 centaurs
  2 big kobolds
  The ghost of no0bjke the Sneak, an amateur SpEn of Dithmenos (D:3)
  4 giant frogs
  4 scorpions
  5 killer bees (D:9)
  6 howler monkeys
  A centaur zombie (D:5)
  A crimson imp (D:6)
  A giant frog zombie (D:10)
  3 hounds
  6 orc priests
  7 orc wizards
  Crazy Yiuf (D:7)
  A giant frog skeleton (D:4)
  A gnoll shaman (D:6)
  A centaur skeleton (D:5)
  5 iguanas
  9 worker ants
  A hound zombie (D:6)
  2 hound skeletons
  2 howler monkey zombies
  11 gnolls
  A howler monkey skeleton (D:4)
  16 adders
  2 oozes (D:3)
  2 adder skeletons
  2 adder zombies
  2 dart slugs
  6 worms
  31 orcs
  A bat skeleton (D:3)
  4 bat zombies (D:3)
  7 giant cockroaches
  13 goblins
  9 hobgoblins
  5 jackals
  6 quokkas
  7 bats
  7 giant newts
  11 kobolds
  14 rats
276 creatures vanquished.

Vanquished Creatures (collateral kills)
  A wraith (D:10)
  2 ice beasts
  A wolf (D:10)
  A giant frog (D:9)
  Ijyb (D:2)
  A giant cockroach (D:2)
  A jackal (D:10)
8 creatures vanquished.

Vanquished Creatures (others)
  An adder (D:3)
  A giant gecko (D:3)
  3 orcs
5 creatures vanquished.

Grand Total: 289 creatures vanquished

Notes
Turn   | Place    | Note
--------------------------------------------------------------
     0 | D:1      | Sand the Draconian Wizard began the quest for the Orb.
     0 | D:1      | Reached XP level 1. HP: 14/14 MP: 4/4
   296 | D:1      | Reached XP level 2. HP: 11/20 MP: 0/6
   523 | D:1      | Learned a level 2 spell: Blink
   542 | D:1      | Learned a level 2 spell: Call Imp
   868 | D:1      | Reached XP level 3. HP: 21/26 MP: 1/8
  1202 | D:1      | Learned a level 3 spell: Mephitic Cloud
  1585 | D:2      | Reached skill level 1 in Air Magic
  1643 | D:2      | Noticed Ijyb
  1657 | D:2      | Reached skill level 1 in Poison Magic
  1737 | D:2      | Killed Ijyb
  1737 | D:2      | Reached XP level 4. HP: 8/33 MP: 1/9
  2563 | D:3      | Found an opulent altar of Gozag.
  2634 | D:3      | Found a radiant altar of Vehumet.
  2698 | D:3      | Reached XP level 5. HP: 38/38 MP: 2/10
  2747 | D:3      | Found an ancient bone altar of Kikubaaqudgha.
  2863 | D:3      | Noticed no0bjke's ghost (amateur SpEn)
  2906 | D:3      | Killed no0bjke's ghost
  2993 | D:3      | Reached XP level 6. HP: 41/45 MP: 8/11
  3080 | D:3      | Noticed a hippogriff
  3112 | D:3      | Killed a hippogriff
  3778 | D:4      | Reached skill level 1 in Short Blades
  3926 | D:4      | Found an iron altar of Okawaru.
  3953 | D:4      | Found a sacrificial altar of Ru.
  3962 | D:4      | Found a stormy altar of Qazlal.
  4110 | D:4      | Your scales start taking on a dull iron-grey colour.
  4110 | D:4      | Reached XP level 7. HP: 28/50 MP: 0/13
  4110 | D:4      | Gained mutation: You can survive without breathing. [Grey Draconian growth]
  4893 | D:5      | Entered Level 5 of the Dungeon
  5198 | D:5      | Reached skill level 5 in Spellcasting
  5437 | D:5      | Reached skill level 5 in Conjurations
  5441 | D:5      | Noticed Grinder
  5534 | D:5      | Reached XP level 8. HP: 32/57 MP: 11/16
  5930 | D:4      | Learned a level 3 spell: Conjure Flame
  7458 | D:6      | Killed Grinder
  7678 | D:6      | Reached XP level 9. HP: 43/62 MP: 7/20
  7760 | D:6      | Found a staircase to the Ecumenical Temple.
  7776 | Temple   | Entered the Ecumenical Temple
  7838 | Temple   | Became a worshipper of Ashenzari the Shackled
  8424 | D:7      | Noticed Crazy Yiuf
  8430 | D:7      | Killed Crazy Yiuf
  8515 | D:7      | Noticed Pikel
  8552 | D:7      | Killed Pikel
  9312 | D:8      | Reached XP level 10. HP: 67/69 MP: 21/23
  9492 | D:8      | Found a shadowy altar of Dithmenos.
  9647 | D:8      | Noticed a moth of wrath
  9649 | D:8      | Found a bloodstained altar of Trog.
 10352 | D:9      | Found an oddly glowing altar of Pakellas.
 10371 | D:9      | Reached skill level 10 in Conjurations
 10403 | D:9      | Found a radiant altar of Vehumet.
 11188 | D:9      | Reached skill level 10 in Spellcasting
 11239 | D:9      | Reached * piety under Ashenzari
 11441 | D:10     | Entered Level 10 of the Dungeon
 11475 | D:10     | Noticed Maurice
 11501 | D:10     | Killed Maurice
 12091 | D:10     | Noticed a hill giant
 12126 | D:10     | Killed a hill giant
 12381 | D:10     | Noticed Grum
 12396 | D:10     | Killed Grum
 12398 | D:10     | Reached XP level 11. HP: 59/74 MP: 20/25
 12443 | D:10     | Noticed a hill giant
 12473 | D:10     | Killed a hill giant
 12612 | D:10     | Found Eluetoll's Jewellery Boutique.
 12894 | D:11     | Found a staircase to the Lair.
 12896 | D:11     | Noticed a death yak
 13122 | D:11     | Noticed Snorg
 13156 | D:10     | Killed Snorg
 13290 | D:11     | Noticed Erolcha
 13344 | D:10     | Killed a death yak
 13626 | D:11     | Upgraded the game from 0.18-b1-22-ge198996 to 0.18.1-47-g9310371
 13658 | D:11     | Quit the game

Skill      XL: |  1  2  3  4  5  6  7  8  9 10 11 |
---------------+----------------------------------+-----
Conjurations   | 2 3 5 7 9 11 | 11.9
Air Magic      | 1 2 3 2 |  2.7
Poison Magic   | 1 2 3 |  3.3
Spellcasting   | 4 5 7 9 10 11 | 11.4
Short Blades   | 1 2 |  2.2
Fighting       | |  0.2
Dodging        | |  1.9
Stealth        | |  1.7
Summonings     | |  1.0
Translocations | |  1.0

Action                   |  1- 3 |  4- 6 |  7- 9 | 10-12 || total
-------------------------+-------+-------+-------+-------++-------
Melee: Unarmed           |    17 |       |       |       ||    17
       Dagger            |    21 |   121 |   494 |   409 ||  1045
       Tailslap          |    15 |    14 |    61 |    54 ||   144
       Short sword       |   101 |       |    57 |    27 ||   185
Throw: Tomahawk          |       |    23 |     7 |     6 ||    36
       Javelin           |       |       |    30 |    18 ||    48
 Cast: Magic Dart        |    65 |    71 |    94 |    33 ||   263
       Call Imp          |     4 |     1 |     7 |     8 ||    20
       Mephitic Cloud    |     1 |     8 |    41 |    56 ||   106
       Blink             |       |     3 |     2 |     4 ||     9
       Conjure Flame     |       |       |     3 |     6 ||     9
Invok: Scrying           |       |       |       |     1 ||     1
Evoke: Wand              |       |       |       |    13 ||    13
  Use: Scroll            |       |     4 |     1 |     9 ||    14
 Stab: Confused          |     1 |     3 |    19 |    29 ||    52
       Sleeping          |       |     2 |     1 |     2 ||     5
       Distracted        |       |       |       |     3 ||     3
  Eat: Chunk             |     2 |     9 |    13 |    14 ||    38
       Beef jerky        |       |       |     1 |       ||     1
       Bread ration      |       |       |     1 |       ||     1
Armor: Skin              |    50 |    56 |   209 |   143 ||   458
Dodge: Dodged            |    88 |    72 |   296 |   185 ||   641
